| TOP OF THE 1ST |
|
Bradenton Sox batting - Pitching for Port Arthur Pirates : LHP Tim Henry
|
|
Pitching: LHP Tim Henry
|
|
|
Batting: RHB Dave Coss
|
0-0: Ball 1-0: Swinging Strike 1-1: Foul Ball, location: 2F 1-2: Strikes out swinging
|
|
Batting: RHB Rene Gonzales
|
0-0: Ball 1-0: Ball 2-0: SINGLE (Groundball, 6MD, EV 103.8 MPH)
|
|
Batting: RHB Dennis Tiefenthaler
|
0-0: Ball 1-0: Ball 2-0: Foul Ball, location: 2F 2-1: Ball 3-1: Base on Balls Rene Gonzales to second
|
|
Batting: RHB Dave Hoeksema
|
0-0: Ball 1-0: Ball 2-0: Called Strike 2-1: Called Strike 2-2: Ball 3-2: Fielders Choice at 2nd, 6-4 (Groundball, 6, EV 90.6 MPH) Rene Gonzales to third
|
|
Batting: SHB Thomas Colburn
|
0-0: Fly out, F7 (Flyball, 78D, EV 79.4 MPH)
|
| Top of the 1st over - 0 runs, 1 hit, 0 errors, 2 left on base; Bradenton 0 - Port Arthur 0 |
| BOTTOM OF THE 1ST |
|
Port Arthur Pirates batting - Pitching for Bradenton Sox : LHP Bert Johnson
|
|
Pitching: LHP Bert Johnson
|
|
|
Batting: SHB Geoff Doggett
|
0-0: Called Strike 0-1: Foul Ball, location: 2F 0-2: Foul Ball, location: 2F 0-2: Ball 1-2: Ground out 3-1 (Groundball, 34, EV 85.0 MPH)
|
|
Batting: RHB Billy Ripken
|
0-0: Ball 1-0: SINGLE (Groundball, 6MD, EV 100.6 MPH)
|
|
Batting: RHB Steve Stanicek
|
0-0: Called Strike 0-1: Called Strike 0-2: Foul Ball, location: 2F 0-2: Strikes out swinging
|
|
Batting: LHB Dan Aruca
|
0-0: Called Strike 0-1: Ball Wild Pitch! Billy Ripken to second 1-1: Ball 2-1: Ground out 6-3 (Groundball, 6M, EV 99.4 MPH)
|
| Bottom of the 1st over - 0 runs, 1 hit, 0 errors, 1 left on base; Bradenton 0 - Port Arthur 0 |
| TOP OF THE 2ND |
|
Bradenton Sox batting - Pitching for Port Arthur Pirates : LHP Tim Henry
|
|
Batting: RHB Jerry Nalley
|
0-0: Ball 1-0: Ball 2-0: Called Strike 2-1: Swinging Strike 2-2: Fly out, F9 (Flyball, 9LS, EV 94.4 MPH)
|
|
Batting: RHB William Murray
|
0-0: Ball 1-0: Called Strike 1-1: Swinging Strike 1-2: Foul Ball, location: 2F 1-2: Foul Ball, location: 2F 1-2: Fly out, F9 (Line Drive, 9, EV 92.5 MPH)
|
|
Batting: RHB Dennis Keating
|
0-0: Ball 1-0: Ball 2-0: Called Strike 2-1: Ball 3-1: Called Strike 3-2: Ground out 4-3 (Groundball, 4, EV 77.5 MPH)
|
| Top of the 2nd over - 0 runs, 0 hits, 0 errors, 0 left on base; Bradenton 0 - Port Arthur 0 |
| BOTTOM OF THE 2ND |
|
Port Arthur Pirates batting - Pitching for Bradenton Sox : LHP Bert Johnson
|
|
Batting: RHB Michael Cain
|
0-0: Swinging Strike 0-1: Fly out, F5 (Line Drive, 5, EV 65.6 MPH)
|
|
Batting: RHB Fredi Gonzalez
|
0-0: Ball 1-0: Ball 2-0: Foul Ball, location: 2F 2-1: Ground out 4-3 (Groundball, 4, EV 97.5 MPH)
|
|
Batting: LHB Chris Rehbaum
|
0-0: Called Strike 0-1: Fly out, F4 (Popup, 34, EV 75.0 MPH)
|
| Bottom of the 2nd over - 0 runs, 0 hits, 0 errors, 0 left on base; Bradenton 0 - Port Arthur 0 |
| TOP OF THE 3RD |
|
Bradenton Sox batting - Pitching for Port Arthur Pirates : LHP Tim Henry
|
|
Batting: RHB Robert Parr
|
0-0: Fly out, F9 (Flyball, 9D, EV 96.3 MPH)
|
|
Batting: RHB Dave Coss
|
0-0: Ground out 5-3 (Groundball, 5, EV 87.5 MPH)
|
|
Batting: RHB Rene Gonzales
|
0-0: Ball 1-0: Ball 2-0: Foul Ball, location: 2F 2-1: Foul Ball, location: 2F 2-2: Foul Ball, location: 2F 2-2: Ball 3-2: Base on Balls
|
|
Batting: RHB Dennis Tiefenthaler
|
0-0: Ball 1-0: Called Strike 1-1: Ball 2-1: Reached on error, E3 (Groundball, 3, EV 101.9 MPH) Rene Gonzales to second
|
|
Batting: RHB Dave Hoeksema
|
0-0: Ball 1-0: Called Strike 1-1: Swinging Strike 1-2: Strikes out swinging
|
| Top of the 3rd over - 0 runs, 0 hits, 1 error, 2 left on base; Bradenton 0 - Port Arthur 0 |
| BOTTOM OF THE 3RD |
|
Port Arthur Pirates batting - Pitching for Bradenton Sox : LHP Bert Johnson
|
|
Batting: RHB Michael Kwiecinski
|
0-0: Called Strike 0-1: Fly out, F9 (Flyball, 9D, EV 101.3 MPH)
|
|
Batting: RHB Willis Valdez
|
0-0: Foul Ball, location: 2F 0-1: SINGLE (Groundball, 56, EV 101.3 MPH) (infield hit)
|
|
Batting: SHB Geoff Doggett
|
0-0: Ball Willis Valdez is caught stealing 2nd base 2-4 1-0: Ball 2-0: Called Strike 2-1: Called Strike 2-2: Ball 3-2: SINGLE (Groundball, 3D, EV 96.3 MPH)
|
|
Batting: RHB Billy Ripken
|
0-0: Foul Ball, location: 2F 0-1: Ground out 5-3 (Groundball, 5S, EV 84.4 MPH)
|
| Bottom of the 3rd over - 0 runs, 2 hits, 0 errors, 1 left on base; Bradenton 0 - Port Arthur 0 |
| TOP OF THE 4TH |
|
Bradenton Sox batting - Pitching for Port Arthur Pirates : LHP Tim Henry
|
|
Batting: SHB Thomas Colburn
|
0-0: Foul Ball, location: 2F 0-1: Ball 1-1: Ball 2-1: Swinging Strike 2-2: Strikes out swinging
|
|
Batting: RHB Jerry Nalley
|
0-0: Ball 1-0: Foul Ball, location: 2F 1-1: Swinging Strike 1-2: Strikes out swinging
|
|
Batting: RHB William Murray
|
0-0: Ball 1-0: Ball 2-0: Ball 3-0: Called Strike 3-1: Base on Balls
|
|
Batting: RHB Dennis Keating
|
0-0: Fly out, F8 (Line Drive, 8RM, EV 96.9 MPH)
|
| Top of the 4th over - 0 runs, 0 hits, 0 errors, 1 left on base; Bradenton 0 - Port Arthur 0 |
| BOTTOM OF THE 4TH |
|
Port Arthur Pirates batting - Pitching for Bradenton Sox : LHP Bert Johnson
|
|
Batting: RHB Steve Stanicek
|
0-0: Ball 1-0: Ball 2-0: Called Strike 2-1: Foul Ball, location: 2F 2-2: Strikes out swinging
|
|
Batting: LHB Dan Aruca
|
0-0: Called Strike 0-1: SINGLE (Groundball, 6MD, EV 106.3 MPH)
|
|
Batting: RHB Michael Cain
|
0-0: Ball 1-0: Foul Ball, location: 2F 1-1: Foul Ball, location: 2F 1-2: Strikes out swinging
|
|
Batting: RHB Fredi Gonzalez
|
0-0: Ball 1-0: Ball 2-0: Ball 3-0: Called Strike 3-1: Called Strike 3-2: Base on Balls Dan Aruca to second
|
|
Batting: LHB Chris Rehbaum
|
0-0: Ground out 6-3 (Groundball, 6S, EV 85.0 MPH)
|
| Bottom of the 4th over - 0 runs, 1 hit, 0 errors, 2 left on base; Bradenton 0 - Port Arthur 0 |
| TOP OF THE 5TH |
|
Bradenton Sox batting - Pitching for Port Arthur Pirates : LHP Tim Henry
|
|
Batting: RHB Robert Parr
|
0-0: Ball 1-0: Ball 2-0: Ball 3-0: Base on Balls
|
|
Batting: RHB Dave Coss
|
0-0: Ball 1-0: Foul Ball, location: 2F 1-1: Foul Ball, location: 2F 1-2: Ball 2-2: Ball 3-2: SINGLE (Line Drive, 8RS, EV 98.1 MPH) Robert Parr to second
|
|
Batting: RHB Rene Gonzales
|
0-0: Bunted foul 0-1: Sac Bunt to 13 - play at first, batter OUT! 1-4 Robert Parr to third Dave Coss to second
|
|
Batting: RHB Dennis Tiefenthaler
|
0-0: Ball 1-0: Ball 2-0: Called Strike 2-1: Ground out 3-1 (Groundball, 34, EV 78.8 MPH) Robert Parr scores Dave Coss to third
|
|
Batting: RHB Dave Hoeksema
|
0-0: Ball 1-0: Called Strike 1-1: Ground out 6-3 (Groundball, 6, EV 82.5 MPH)
|
| Top of the 5th over - 1 run, 1 hit, 0 errors, 1 left on base; Bradenton 1 - Port Arthur 0 |
| BOTTOM OF THE 5TH |
|
Port Arthur Pirates batting - Pitching for Bradenton Sox : LHP Bert Johnson
|
|
Batting: RHB Michael Kwiecinski
|
0-0: Ball 1-0: Ball 2-0: SINGLE (Line Drive, 89S, EV 93.8 MPH)
|
|
Batting: RHB Willis Valdez
|
0-0: Bunted foul 0-1: Ball 1-1: Sac Bunt to 15S - play at first, batter OUT! 1-4 Michael Kwiecinski to second
|
|
Batting: SHB Geoff Doggett
|
0-0: SINGLE (Groundball, 4MD, EV 96.3 MPH) Michael Kwiecinski to third Runner from 3rd tries for Home, SAFE, throw by CF to home
|
|
Batting: RHB Billy Ripken
|
0-0: Called Strike 0-1: Ball Geoff Doggett is caught stealing 2nd base 2-4 1-1: Foul Ball, location: 2F 1-2: Fly out, F3 (Popup, 3DF, EV 51.3 MPH)
|
| Bottom of the 5th over - 1 run, 2 hits, 0 errors, 0 left on base; Bradenton 1 - Port Arthur 1 |
| TOP OF THE 6TH |
|
Bradenton Sox batting - Pitching for Port Arthur Pirates : LHP Tim Henry
|
|
Batting: SHB Thomas Colburn
|
0-0: Ball 1-0: Ball 2-0: Foul Ball, location: 2F 2-1: Ball 3-1: SINGLE (Line Drive, 78M, EV 95.0 MPH)
|
|
Batting: RHB Jerry Nalley
|
0-0: Called Strike 0-1: Foul Ball, location: 2F 0-2: Ball 1-2: Ball 2-2: Foul Ball, location: 2F 2-2: Foul Ball, location: 2F 2-2: Strikes out looking
|
|
Batting: RHB William Murray
|
0-0: SINGLE (Groundball, 6MD, EV 96.9 MPH) Thomas Colburn to second Runner from 2nd tries for 3rd, SAFE, no throw by CF
|
|
Batting: RHB Dennis Keating
|
0-0: Called Strike 0-1: Fly out, F9 (Flyball, 89S, EV 80.6 MPH)
|
|
Batting: RHB Robert Parr
|
0-0: Ball 1-0: Foul Ball, location: 2F 1-1: Foul Ball, location: 2F 1-2: Ground out 4-3 (Groundball, 4M, EV 91.3 MPH)
|
| Top of the 6th over - 0 runs, 2 hits, 0 errors, 2 left on base; Bradenton 1 - Port Arthur 1 |
| BOTTOM OF THE 6TH |
|
Port Arthur Pirates batting - Pitching for Bradenton Sox : LHP Bert Johnson
|
|
Batting: RHB Steve Stanicek
|
0-0: Swinging Strike 0-1: Ball 1-1: Ball 2-1: Called Strike 2-2: Ball 3-2: Fly out, F8 (Flyball, 8RM, EV 91.3 MPH)
|
|
Batting: LHB Dan Aruca
|
0-0: Ground out 5-3 (Groundball, 5L, EV 108.8 MPH)
|
|
Batting: RHB Michael Cain
|
0-0: Swinging Strike 0-1: Swinging Strike 0-2: Strikes out swinging
|
| Bottom of the 6th over - 0 runs, 0 hits, 0 errors, 0 left on base; Bradenton 1 - Port Arthur 1 |
| TOP OF THE 7TH |
|
Bradenton Sox batting - Pitching for Port Arthur Pirates : LHP Tim Henry
|
|
Batting: RHB Dave Coss
|
0-0: Ball 1-0: Ball 2-0: Ball 3-0: Base on Balls
|
|
Batting: RHB Rene Gonzales
|
0-0: Sac Bunt to 3S - play at first, batter OUT! 3-4 Dave Coss to second
|
|
Batting: RHB Dennis Tiefenthaler
|
0-0: Swinging Strike 0-1: Ball 1-1: Swinging Strike 1-2: Ball 2-2: Ball 3-2: Strikes out swinging
|
|
Pitching: RHP Daniel Klosicki
|
|
|
Batting: RHB Dave Hoeksema
|
0-0: Ball 1-0: Swinging Strike 1-1: Called Strike 1-2: Fly out, F9 (Flyball, 89D, EV 90.0 MPH)
|
| Top of the 7th over - 0 runs, 0 hits, 0 errors, 1 left on base; Bradenton 1 - Port Arthur 1 |
| BOTTOM OF THE 7TH |
|
Port Arthur Pirates batting - Pitching for Bradenton Sox : LHP Bert Johnson
|
|
Batting: RHB Fredi Gonzalez
|
0-0: Ball 1-0: Called Strike 1-1: Foul Ball, location: 2F 1-2: Ball 2-2: Fly out, F8 (Line Drive, 8RM, EV 100.6 MPH)
|
|
Batting: LHB Chris Rehbaum
|
0-0: Ground out 6-3 (Groundball, 6, EV 77.5 MPH)
|
|
Batting: RHB Michael Kwiecinski
|
0-0: Ball 1-0: Called Strike 1-1: Fly out, F9 (Flyball, 9D, EV 93.1 MPH)
|
| Bottom of the 7th over - 0 runs, 0 hits, 0 errors, 0 left on base; Bradenton 1 - Port Arthur 1 |
| TOP OF THE 8TH |
|
Bradenton Sox batting - Pitching for Port Arthur Pirates : RHP Daniel Klosicki
|
|
Batting: SHB Thomas Colburn
|
0-0: Called Strike 0-1: Called Strike 0-2: Ball 1-2: Strikes out looking
|
|
Batting: RHB Jerry Nalley
|
0-0: Ball 1-0: Called Strike 1-1: Fly out, F7 (Line Drive, 7, EV 96.9 MPH)
|
|
Batting: RHB William Murray
|
0-0: Fly out, F4 (Popup, 34S, EV 71.3 MPH)
|
| Top of the 8th over - 0 runs, 0 hits, 0 errors, 0 left on base; Bradenton 1 - Port Arthur 1 |
| BOTTOM OF THE 8TH |
|
Port Arthur Pirates batting - Pitching for Bradenton Sox : LHP Bert Johnson
|
|
Batting: RHB Willis Valdez
|
0-0: Ball 1-0: Ball 2-0: Ball 3-0: Called Strike 3-1: Ground out 6-3 (Groundball, 6, EV 101.9 MPH)
|
|
Batting: SHB Geoff Doggett
|
0-0: Ball 1-0: Ball 2-0: Foul Ball, location: 2F 2-1: Foul Ball, location: 2F 2-2: Foul Ball, location: 2F 2-2: Foul Ball, location: 2F 2-2: Foul Ball, location: 2F 2-2: Ball 3-2: Base on Balls
|
|
Batting: RHB Billy Ripken
|
0-0: Ball Geoff Doggett steals 2nd base (no throw) 1-0: Ball 2-0: Called Strike 2-1: Foul Ball, location: 2F 2-2: Ball 3-2: Foul Ball, location: 2F 3-2: Base on Balls
|
|
Batting: RHB Steve Stanicek
|
0-0: Ball 1-0: Ball 2-0: SINGLE (Groundball, 34D, EV 101.3 MPH) Geoff Doggett to third Billy Ripken to second Runner from 3rd tries for Home, SAFE, throw by RF to home
|
|
Batting: LHB Dan Aruca
|
0-0: Ball 1-0: Ball 2-0: Grounds into double play, 6-4-3 (Groundball, 6, EV 88.1 MPH)
|
| Bottom of the 8th over - 1 run, 1 hit, 0 errors, 1 left on base; Bradenton 1 - Port Arthur 2 |
| TOP OF THE 9TH |
|
Bradenton Sox batting - Pitching for Port Arthur Pirates : RHP Daniel Klosicki
|
|
Pitching: LHP Victor Guichardo
|
|
|
Now at 2B: Bryan Harwell
|
|
|
Batting: RHB Dennis Keating
|
0-0: Called Strike 0-1: Called Strike 0-2: Ball 1-2: Strikes out swinging
|
|
Batting: RHB Robert Parr
|
0-0: Called Strike 0-1: Ball 1-1: Foul Ball, location: 2F 1-2: Ground out 5-3 (Groundball, 56, EV 104.4 MPH)
|
|
Batting: RHB Dave Coss
|
0-0: Foul Ball, location: 2F 0-1: Ball 1-1: Foul Ball, location: 2F 1-2: Ball 2-2: Ground out 6-3 (Groundball, 15, EV 85.0 MPH)
|
| Top of the 9th over - 0 runs, 0 hits, 0 errors, 0 left on base; Bradenton 1 - Port Arthur 2 |
|